 Dungeon Crawl Stone Soup version 0.22.1-1-ga44c0e56f4 (webtiles) character file.

109 HuneSparrow the Skirmisher (level 4, -2/35 HPs)
             Began as a Demonspawn Fighter on Oct 9, 2018.
             Killed by nerve-wracking pain
             ... invoked by a shadow imp
             ... summoned by Natasha
              (14 damage)
             ... on level 2 of the Dungeon.
             The game lasted 00:05:08 (1613 turns).

HuneSparrow the Skirmisher (Demonspawn Fighter)     Turns: 1613, Time: 00:05:15

Health: -2/35      AC:  6    Str: 17    XL:     4   Next: 59%
Magic:  4/4        EV:  7    Int: 10    God:
Gold:   110        SH:  9    Dex: 12    Spells: 3/3 levels left

rFire    . . .     SeeInvis .   a - +0 long sword
rCold    . . .     Gourm    .   c - +0 shield
rNeg     . . .     Faith    .   b - +0 scale mail
rPois    .         Spirit   .   (no helmet)
rElec    .         Reflect  .   (no cloak)
rCorr    .         Harm     .   (no gloves)
MR       .....                  (no boots)
Stlth    ..........             (no amulet)
HPRegen  0.11/turn              (no ring)
MPRegen  0.09/turn              (no ring)

@: no status effects
A: powered by death 1
a: no special abilities


You were on level 2 of the Dungeon.
You were hungry.

You visited 1 branch of the dungeon, and saw 2 of its levels.

You collected 110 gold pieces.

Inventory:

Hand Weapons
 a - a +0 long sword (weapon)
Armour
 b - a +0 scale mail (worn)
 c - a +0 shield (worn)
Scrolls
 e - a scroll of teleportation {unknown}
 g - a scroll of amnesia {unknown}
 h - 3 scrolls of identify {unknown}
 i - a scroll of enchant armour {unknown}
 n - a scroll of fear {unknown}
Potions
 d - a potion of might
 j - a potion of invisibility {unknown}
 l - a potion of heal wounds {unknown}
 m - a potion of haste {unknown}
Comestibles
 f - 2 rations
 k - a chunk of flesh


   Skills:
 + Level 3.5 Fighting
 + Level 2.9 Long Blades
 + Level 3.3 Armour
 + Level 0.7 Dodging
 + Level 3.1 Shields


You had 3 spell levels left.
You didn't know any spells.
Your spell library was empty.

Dungeon Overview and Level Annotations

Branches:
Dungeon (2/15)

Altars:
The Shining One

Annotations:
D:2 Natasha


Innate Abilities, Weirdness & Mutations

You regenerate a little health from kills.


Message History

Natasha casts a spell.
Natasha casts a spell.
The crimson imp blinks!
You are feeling hungry.
Natasha mumbles some strange words.
The shadow imp gestures at you. Pain shoots through your body!
The shadow imp shouts, "Run away, thou horrid spleeny maggot-pie!"
Natasha mumbles some strange words.
The shadow imp barely misses you.
You hit the shadow imp.
The shadow imp is moderately wounded.
The shadow imp hits you.
You barely miss the shadow imp.
The shadow imp is moderately wounded.
The shadow imp closely misses you.
The shadow imp shouts, "Face thy fugue, thou pecksniffian clay-brained The shadow imp gestures at you.
Pain shoots through your body!
You die...

....##.#
##.########..........##
.......#
#...h....##.....##.####
..######
#..#####h###.#.###.# ..
#..# #.##.###.##.#### #.
#.<### #5###.#.###..... #'
#..<.# #.####.######### ..
#.##.# #.h.......### #
#(##.###5.###......####
##....5@5..###...#......
####...#.####.##...###.....
+.................##_##..āŒ
.
###....#####.##...##'.....
##.#.# #.##.#..#..PP..
###.# #.........Pā‰ˆā‰ˆ..
#.# ####.#.....P... #.#
#.#........# #.#
#.####...###


You could see Natasha, a crimson imp and 2 shadow imps.

Vanquished Creatures
  Natasha (twice) (D:2)
  A gnoll (D:1)
  An adder (D:2)
  2 dart slugs
  3 leopard geckos
  A ball python (D:1)
  3 bats (D:1)
  A giant cockroach (D:1)
  6 goblins (D:1)
  5 hobgoblins
  2 frilled lizards
  3 kobolds
  8 rats
38 creatures vanquished.

Notes
Turn   | Place    | Note
-------+----------+-------------------------------------------
     0 | D:1      | HuneSparrow the Demonspawn Fighter began the quest for the
                  | Orb.
     0 | D:1      | Reached XP level 1. HP: 18/18 MP: 1/1
    76 | D:1      | Gained mutation: You regenerate a little health from kills.
                  | [demonic ancestry]
    76 | D:1      | Reached XP level 2. HP: 16/24 MP: 2/2
   388 | D:1      | Reached XP level 3. HP: 25/29 MP: 3/3
   881 | D:2      | Noticed Natasha
   894 | D:2      | Killed Natasha
  1104 | D:2      | Found a glowing golden altar of the Shining One.
  1141 | D:2      | Reached XP level 4. HP: 34/35 MP: 4/4
  1468 | D:2      | Noticed Natasha
  1481 | D:2      | Killed Natasha
  1587 | D:2      | Noticed Natasha
  1613 | D:2      | Killed from afar by a shadow imp

Skill      XL: |  1  2  3 |
---------------+----------+-----
Armour         | 3 |  3.3
Long Blades    | 2 |  2.9
Shields        | 3 |  3.1
Fighting       | |  3.5
Dodging        | |  0.7

Action                   |  1- 3 |  4- 6 || total
-------------------------+-------+-------++-------
Melee: Long sword        |    99 |    38 ||   137
  Eat: Chunk             |     1 |     1 ||     2
Armor: Scale mail        |    45 |    15 ||    60
Dodge: Dodged            |    28 |    14 ||    42
Block: Shield            |    48 |    16 ||    64
       Rpst.: Long sword |     4 |     6 ||    10
